 Dungeon Crawl Stone Soup version 0.32-a0-630-g46d191b0ed (webtiles) character file.

Game seed: 15031616710100544840

157 Alarak the Apothecary (level 5, -3/35 HPs)
             Began as a Demonspawn Alchemist on Mar 7, 2024.
             Slain by a gnoll
             ... wielding a +0 halberd
              (14 damage)
             ... on level 3 of the Dungeon.
             The game lasted 00:06:13 (2665 turns).

Alarak the Apothecary (Demonspawn Alchemist)        Turns: 2665, Time: 00:06:14

Health: -3/35      AC:  5    Str:  8    XL:     5   Next: 15%
Magic:  0/9        EV: 12    Int: 17    God:
Gold:   110        SH:  0    Dex: 14    Spells: 3/10 levels left

rFire   . . .        g - +0 dagger
rCold   . . .        (no shield)
rNeg    . . .        a - +0 robe
rPois   .            (no helmet)
rElec   .            (no cloak)
rCorr   .            (no gloves)
SInv    .            (no boots)
Will    +....        (no amulet)
Stlth   ++           h - ring of willpower
HPRegen 0.25/turn    (no ring)
MPRegen 0.11/turn

%: no passive effects
@: no status effects
A: icy blue scales 2, demonic magic 1
a: no special abilities


You were on level 3 of the Dungeon.
You visited 1 branch of the dungeon, and saw 4 of its levels.

You collected 110 gold pieces.

Inventory:

Hand Weapons
 g - a +0 dagger (weapon)
Armour
 a - a +0 robe (worn)
Jewellery
 h - a ring of willpower (left hand)
Scrolls
 c - a scroll of noise
 d - a scroll of amnesia
 e - a scroll of blinking
 i - a scroll of poison {unknown}
 k - a scroll of fog {unknown}
 l - a scroll of vulnerability
 m - a scroll of enchant armour {unknown}
Potions
 b - a potion of magic
 f - 2 potions of mutation
 j - a potion of brilliance {unknown}


   Skills:
 - Level 1.7 Dodging
 - Level 1.7 Stealth
 - Level 3.2 Spellcasting
 - Level 1.0 Conjurations
 + Level 5.1 Alchemy


You had 3 spell levels left.
You knew the following spells:

 Your Spells              Type           Power      Damage    Failure   Level
a - Sting                 Conj/Alch      52%        1d6       4%          1
b - Mercury Vapours       Alch/Air       22%        N/A       9%          2
c - Olgreb's Toxic Radia  Alch           20%        N/A       21%         4

Your spell library contained the following spells:

 Spells                   Type           Power      Damage    Failure   Level
 Momentum Strike          Conj/Tloc      8%         3d8       22%         2
 Mephitic Cloud           Conj/Alch/Air  9%         N/A       22%         3
 Blink                    Tloc           4%         N/A       26%         2
 Jinxbite                 Hex            4%         N/A       26%         2
 Lesser Beckoning         Tloc           4%         N/A       26%         2
 Gell's Gravitas          Tloc           2%         N/A       45%         3
 Teleport Other           Tloc           2%         N/A       45%         3
 Sticky Flame             Fire/Alch      11%        2d5       52%         4
 Yara's Violent Unravell  Hex/Alch       5%         3d4       86%         5
 Enfeeble                 Hex            1%         N/A       100%        7


Dungeon Overview and Level Annotations

Branches:
Dungeon (4/15)
 Temple: D:4-7

Altars:


Innate Abilities, Weirdness & Mutations

You are mostly covered in icy blue scales. (AC +3)
Spells you cast may paralyse adjacent enemies.


Message History

The gnoll barely misses you.
Casting: Mercury Vapours (safe; 9% risk of failure)
Confirm with . or Enter, or press ? or * to list all spells.
Aiming: Mercury Vapours (safe; 9% risk of failure)
Press: ? - help, Dir - move target, f/p - gnoll
Aim: a gnoll, wielding a +0 spear (severely wounded, very poisoned, weak, chance to weaken: 100%) Fumes of mercury billow around the gnoll!
The gnoll looks as sick as possible!
The gnoll looks even weaker.
Malevolent energies surge around you.
You kill the gnoll!
The gnoll closely misses you.
Okay, then.
Okay, then.
Okay, then.
The gnoll is no longer weakened.
Casting: Mercury Vapours (safe; 9% risk of failure)
Confirm with . or Enter, or press ? or * to list all spells.
Aiming: Sting (safe; 4% risk of failure)
Press: ? - help, Shift-Dir - straight line, f - gnoll
Aim: a gnoll, wielding a +0 halberd (75% to hit)
The sting misses the gnoll.
Malevolent energies surge around you. The gnoll hits you but does no damage.
The gnoll attacks as it pursues you! The gnoll hits you but does no damage.
The gnoll attacks as it pursues you!
The gnoll hits you from afar with a +0 halberd.
* * * LOW HITPOINT WARNING * * *
The gnoll attacks as it pursues you! The gnoll closely misses you.
The gnoll attacks as it pursues you! The gnoll misses you.
The gnoll attacks as it pursues you! The gnoll closely misses you.
Casting: Sting (safe; 4% risk of failure)
Confirm with . or Enter, or press ? or * to list all spells.
Aiming: Sting (safe; 4% risk of failure)
Press: ? - help, Shift-Dir - straight line, f/p - gnoll
Aim: a gnoll, wielding a +0 halberd (75% to hit)
The sting hits the gnoll.
The gnoll is poisoned.
The gnoll is lightly wounded.
Malevolent energies surge around you. The gnoll closely misses you.
The gnoll attacks as it pursues you!
The gnoll hits you from afar with a +0 halberd!
You die...

#.#######...# #....##.........
#...........####.+.......#.[.....
###...##.........#....#..#.).....
.................######..#.####+#
.................#####...#.#
)...................##.#.#.######
....................#..#.#.......
..................)...##.########
..............g.@....###.#
....#....##.........## ..
....####..'...†)....# .. ....#
####....>#...# ....# #....######
#+#.# ####....######## #.
................ ################


You could see a gnoll (poisoned).

Vanquished Creatures
  A hound (D:4)
  Jessica (D:3)
  3 gnolls (D:3)
  2 adders
  A dart slug (D:1)
  2 orcs
  5 endoplasms
  3 giant cockroaches
  5 goblins
  6 hobgoblins
  5 kobolds
  4 quokkas
  2 ball pythons
  7 bats
  2 frilled lizards (D:2)
  3 rats (D:1)
52 creatures vanquished.

Notes
Turn   | Place    | Note
-------+----------+-------------------------------------------
     0 | D:1      | Alarak the Demonspawn Alchemist began the quest for the
                  | Orb.
     0 | D:1      | Reached XP level 1. HP: 13/13 MP: 3/3
   379 | D:1      | Found a faded altar of an unknown god.
   446 | D:1      | Gained mutation: Spells you cast may paralyse adjacent
                  | enemies. [demonic ancestry]
   446 | D:1      | Reached XP level 2. HP: 17/19 MP: 2/5
  1251 | D:1      | Gained mutation: You are partially covered in icy blue
                  | scales. (AC +2) [demonic ancestry]
  1251 | D:1      | Reached XP level 3. HP: 22/24 MP: 0/7
  1601 | D:2      | You fall into a shaft and drop 2 floors!
  1825 | D:4      | Reached skill level 4 in Alchemy
  1825 | D:4      | Reached XP level 4. HP: 30/30 MP: 4/8
  2459 | D:3      | Noticed Jessica
  2463 | D:3      | Killed Jessica
  2513 | D:3      | Learned a level 2 spell: Mercury Vapours
  2518 | D:3      | Learned a level 4 spell: Olgreb's Toxic Radiance
  2645 | D:3      | Reached skill level 5 in Alchemy
  2645 | D:3      | Gained mutation: You are mostly covered in icy blue scales.
                  | (AC +3) [demonic ancestry]
  2645 | D:3      | Reached XP level 5. HP: 15/35 MP: 4/9
  2665 | D:3      | Slain by a gnoll

Illustrated notes

Levels and vault maps discovered:
D:1:      reono_arrival_mine, layout_basic, shapermc_ecumenical_altar_petra
D:2:      layout_loops_ring, nicolae_concentric_dashed_squares_wild,
          amethyst_killhole, kennysheep_big_empty_room,
          kennysheep_generic_room_4
D:3:      layout_basic, hellmonk_no_cap, uniq_jessica
D:4:      layout_loops_ring

Skill      XL: |  1  2  3  4 |
---------------+-------------+-----
Spellcasting   | 3 |  3.2
Alchemy        | 4 5 |  5.1
Dodging        | |  1.7
Stealth        | |  1.7
Conjurations   | |  1.0

Action                     |  1- 3 |  4- 6 || total
---------------------------+-------+-------++-------
  Melee: Unarmed           |    35 |       ||    35
         Dagger            |    14 |    11 ||    25
   Cast: Sting             |    77 |    28 ||   105
         Mercury Vapours   |       |     2 ||     2
    Use: Scroll            |     5 |       ||     5
   Stab: Paralysed         |    15 |     5 ||    20
         Sleeping          |       |     1 ||     1
 Armour: Robe              |    35 |    12 ||    47
  Dodge: Dodged            |    46 |    17 ||    63

Table legend: (Time is in decaauts)
 A = Elapsed time spent in this place.
 B = Non-inter-level travel time spent in this place.
 C = Inter-level travel time spent in this place.
 D = Time resting spent in this place.
 E = Time spent auto-exploring this place.
 F = Levels seen in this place.
 G = Mean time per level.
                   A        B        C        D        E       F      G
               +--------+--------+--------+--------+--------+-----+--------+
         Total |   2662 |   2514 |    148 |    512 |   1618 |   4 |  665.5 |
       Dungeon |   2662 |   2514 |    148 |    512 |   1618 |   4 |  665.5 |
               +--------+--------+--------+--------+--------+-----+--------+

Top non-repeatable levels by time:
     D:1: 1366 daAuts
     D:2: 717 daAuts
     D:3: 328 daAuts
     D:4: 250 daAuts
